 Dungeon Crawl Stone Soup version 0.31-a0-188-g5e087ee2ca (webtiles) character file.

Game seed: 11403432454786445294

597 qw the Skirmisher (level 7, -4/40 HPs)
             Began as a Deep Elf Hunter on June 23, 2023.
             Slain by Duvessa
             ... wielding a +0 rapier
              (5 damage)
             ... on level 5 of the Dungeon.
             The game lasted 00:01:31 (3804 turns).

qw the Skirmisher (Deep Elf Hunter)                 Turns: 3804, Time: 00:01:32

Health: -4/40      AC:  7    Str: 10    XL:     7   Next: 17%
Magic:  9/9        EV: 13    Int: 10    God:
Gold:   254        SH:  0    Dex: 26    Spells: 6/6 levels left

rFire   . . .        Y - +0 shortbow
rCold   + . .        (shield currently unavailable)
rNeg    . . .        j - +1 ring mail "Bottugith" {Drain rC+ Int-4 Dex+8}
rPois   +            (no helmet)
rElec   .            (no cloak)
rCorr   .            (no gloves)
SInv    .            a - +0 pair of boots
Will    .....        (no amulet)
Stlth   +            e - ring of poison resistance
HPRegen 0.26/turn    (no ring)
MPRegen 0.11/turn

%: no passive effects
@: lit by a corona, glowing
A: no striking features
a: no special abilities


You were on level 5 of the Dungeon.
You visited 2 branches of the dungeon, and saw 6 of its levels.

You collected 254 gold pieces.


   Skills:
 - Level 2.6 Fighting
 - Level 10.1 Ranged Weapons
 + Level 0.0 Armour
 - Level 4.4 Dodging
 - Level 1.2 Stealth


You had 6 spell levels left.
You didn't know any spells.
Your spell library was empty.

Inventory:

Hand Weapons
 Y - a +0 shortbow (weapon)
Armour
 a - a +0 pair of boots (worn)
 j - the +1 ring mail "Bottugith" (worn) {Drain rC+ Int-4 Dex+8}
   (You found it on level 4 of the Dungeon)

   Int:       It affects your intelligence (-4).
   Dex:       It affects your dexterity (+8).
   rC:        It protects you from cold.
   Drain:     It drains your maximum health when unequipped.
Jewellery
 e - a ring of poison resistance (left hand)
Scrolls
 c - a scroll of enchant armour {unknown}
 f - a scroll of identify
Potions
 b - a potion of enlightenment
 d - a potion of mutation {unknown}
 g - 2 potions of curing {unknown}
 h - a potion of cancellation {unknown}
 i - a potion of haste {unknown}
 k - a potion of invisibility {unknown}

Dungeon Overview and Level Annotations

Branches:
Dungeon (5/15)             Temple (1/1) D:4

Altars:
Ashenzari
Cheibriados
Dithmenos
Elyvilon
Fedhas
Gozag
Hepliaklqana
Kikubaaqudgha
Makhleb
Nemelex Xobeh
Qazlal
Ru
Sif Muna
Trog
Uskayaw
Wu Jian
Xom
Yredelemnul
Zin
The Shining One

Shops:
D:1 =

Annotations:
D:5 Duvessa


Message History

Dowan is heavily wounded.
Dowan hits you but does no damage.
You are poisoned.
You shoot an arrow. The arrow closely misses Dowan.
You feel sick.
You shoot an arrow. The arrow hits Dowan.
Dowan is severely wounded.
You feel sick. Dowan hits you but does no damage.
You shoot an arrow. The arrow closely misses Dowan.
You feel sick. Duvessa closely misses you.
Dowan hits you with a +1 dagger of venom.
You shoot an arrow. The arrow hits Dowan.
Dowan is almost dead.
You feel sick. Duvessa hits you with a +0 rapier.
Dowan hits you with a +1 dagger of venom.
You shoot an arrow. The arrow hits Dowan.
Dowan is almost dead.
You feel sick. Duvessa hits you with a +0 rapier! Dowan barely misses you.
You shoot an arrow.
The arrow hits Dowan but does no damage.
Dowan is almost dead.
You feel sick. Duvessa hits you with a +0 rapier. Dowan barely misses you.
You shoot an arrow. The arrow barely misses Dowan.
You feel sick.
You are no longer poisoned.
Duvessa closely misses you. Dowan gestures at you while chanting.
You are outlined in light.
You shoot an arrow. The arrow hits Dowan!
You kill Dowan!
Duvessa weeps, and shakes her weapon.
Duvessa goes berserk!
Duvessa closely misses you. Duvessa hits you with a +0 rapier!
Your Dodging skill increases to level 4!
You shoot an arrow. The arrow barely misses Duvessa.
Duvessa barely misses you.
You shoot an arrow. The arrow hits Duvessa.
Duvessa is lightly wounded.
Duvessa hits you with a +0 rapier. x2
You die...

####.########............#
.. #
#.#.........##..########
##.###########..#
###...#.########..#
<..>#..#.......#.^########
#
###...#.######.#..........
# ##.#### #.#.######### #
#.###### #.#.# #.....?#
#.#@# ######.# #.#)e......
#.# #.#########
#.####.########
#.............#
##..########.#.# ##
#####...# #.#.# #### .#
#.....#.# #.#.# #####...
.# #.###...# #.#.#
##...#...


You could see Duvessa (berserk).

Vanquished Creatures
  An ogre (D:4)
  A centaur (D:5)
  Dowan (D:5)
  2 jellies (D:4)
  3 hounds
  An orc priest (D:5)
  An iguana (D:4)
  Ijyb (D:3)
  4 gnolls (D:5)
  2 adders
  2 worms (D:1)
  A dart slug (D:1)
  4 orcs (D:5)
  10 endoplasms
  6 goblins
  6 hobgoblins
  7 jackals (D:1)
  6 quokkas
  14 ball pythons
  5 bats (D:1)
  5 frilled lizards
  11 kobolds
  3 rats
97 creatures vanquished.

Notes
Turn   | Place    | Note
-------+----------+-------------------------------------------
     0 | D:1      | qw the Deep Elf Hunter began the quest for the Orb.
     0 | D:1      | Reached XP level 1. HP: 12/12 MP: 3/3
     0 | D:1      | 0 ||| qw: Version: 0.3-a-9-g12657ce
     0 | D:1      | 0 ||| qw: Game counter: 4281
     0 | D:1      | 0 ||| qw: Always use a shield: true
     0 | D:1      | 0 ||| qw: God list: Okawaru
     0 | D:1      | 0 ||| qw: Allow faded altars: false
     0 | D:1      | 0 ||| qw: Do Orc after D:15 true
     0 | D:1      | 0 ||| qw: Do second Lair branch before Depths: true
     0 | D:1      | 0 ||| qw: Lair rune preference: random
     0 | D:1      | 0 ||| qw: Plans: Normal
     0 | D:1      | 0 ||| PLANNING D:1-11
   181 | D:1      | Reached XP level 2. HP: 16/16 MP: 4/4
   185 | D:1      | Reached skill level 6 in Ranged Weapons
   403 | D:1      | You fall into a shaft and drop 1 floor!
   434 | D:2      | 434 ||| UPGRADING to +0 ring mail.
   444 | D:2      | 444 ||| DROPPING +0 leather armour.
   445 | D:2      | 445 ||| UPGRADING to +2 ring mail of fire resistance.
   455 | D:2      | 455 ||| DROPPING +0 ring mail.
   456 | D:2      | 456 ||| UPGRADING to ring of poison resistance.
   457 | D:2      | 457 ||| READING 2 scrolls labelled XUTWACV ALIFE.
   458 | D:2      | 458 ||| READING scroll labelled LUUPPE OLEANOA.
   459 | D:2      | 459 ||| DROPPING scroll of noise.
   460 | D:2      | 460 ||| DROPPING scroll of butterflies.
   466 | D:2      | Reached XP level 3. HP: 20/20 MP: 5/5
   913 | D:1      | Found Cuyxuph's Jewellery Boutique.
   915 | D:1      | 915 ||| SHOPLISTING +5 ring of evasion (504 gold, have 73).
   915 | D:1      | 915 ||| SHOPLISTING amulet "Giecre" {Faith -Tele +Inv
                  | rPois} (716 gold, have 73).
   915 | D:1      | 915 ||| SHOPLISTING amulet of reflection (420 gold, have
                  | 73).
   915 | D:1      | 915 ||| SHOPLISTING amulet of the acrobat (420 gold, have
                  | 73).
   915 | D:1      | 915 ||| SHOPLISTING ring of protection from fire (350 gold,
                  | have 73).
   915 | D:1      | 915 ||| SHOPLISTING ring of resist corrosion (280 gold,
                  | have 73).
   915 | D:1      | 915 ||| SHOPLISTING ring of see invisible (210 gold, have
                  | 73).
   918 | D:1      | Reached skill level 7 in Ranged Weapons
   957 | D:1      | 957 ||| READING 2 scrolls labelled VOILAO YPRAUF.
   958 | D:1      | 958 ||| DROPPING scroll of fear.
   989 | D:2      | 989 ||| STAIRDANCE
   996 | D:1      | HP: 5/20 [worm (5)]
  1177 | D:2      | Reached XP level 4. HP: 25/25 MP: 6/6
  1397 | D:2      | 1397 ||| READING scroll labelled USHRIL PONOIFF.
  1398 | D:2      | 1398 ||| READING scroll labelled NIUPNO BINKEU.
  1399 | D:2      | 1399 ||| READING scroll labelled GIOWIT ZUSAO.
  1483 | D:3      | Found a faded altar of an unknown god.
  1524 | D:3      | Identified the +1 hand axe "Warugh Loala" {holy, MP+9
                  | Str+5}
  1603 | D:3      | Found a white marble altar of Elyvilon.
  1784 | D:3      | 1784 ||| DROPPING ring of wizardry.
  1862 | D:4      | Reached skill level 8 in Ranged Weapons
  1910 | D:4      | Identified the +5 whip of Zin's Grace {flame, Drain Int+3
                  | Dex+3}
  1927 | D:4      | HP: 6/25 [iguana (1)]
  1929 | D:4      | Reached XP level 5. HP: 8/29 MP: 7/7
  2017 | D:4      | Identified the +7 war axe "Boffasme" {holy, *Rage rC- Dex+8
                  | SInv}
  2181 | D:4      | Reached skill level 9 in Ranged Weapons
  2181 | D:4      | Found a staircase to the Ecumenical Temple.
  2182 | D:4      | 2182 ||| PLANNING TEMPLE
  2182 | D:4      | 2182 ||| UPGRADING to +0 pair of boots.
  2187 | D:4      | 2187 ||| READING 3 scrolls labelled DIPTET BIKU.
  2188 | D:4      | 2188 ||| READING 2 scrolls of identify.
  2188 | D:4      | 2188 ||| IDENTIFYING fuming white potion
  2189 | D:4      | 2189 ||| DROPPING 2 scrolls of vulnerability.
  2198 | Temple   | Entered the Ecumenical Temple
  2365 | Temple   | 2365 ||| PLANNING D:1-11
  2421 | D:4      | Noticed an ogre
  2429 | D:4      | Killed an ogre
  2430 | D:4      | Reached XP level 6. HP: 21/36 MP: 8/8
  2537 | D:4      | 2537 ||| STAIRDANCE
  2549 | D:4      | 2549 ||| STAIRDANCE
  2553 | D:4      | 2553 ||| STAIRDANCE
  2557 | D:4      | 2557 ||| STAIRDANCE
  2561 | D:4      | 2561 ||| STAIRDANCE
  2565 | D:4      | 2565 ||| STAIRDANCE
  2569 | D:4      | 2569 ||| STAIRDANCE
  2573 | D:4      | 2573 ||| STAIRDANCE
  2577 | D:4      | 2577 ||| STAIRDANCE
  2581 | D:4      | 2581 ||| STAIRDANCE
  2585 | D:4      | 2585 ||| STAIRDANCE
  2589 | D:4      | 2589 ||| STAIRDANCE
  2593 | D:4      | 2593 ||| STAIRDANCE
  2597 | D:4      | 2597 ||| STAIRDANCE
  2601 | D:4      | 2601 ||| STAIRDANCE
  2605 | D:4      | 2605 ||| STAIRDANCE
  2609 | D:4      | 2609 ||| STAIRDANCE
  2613 | D:4      | 2613 ||| STAIRDANCE
  2617 | D:4      | 2617 ||| STAIRDANCE
  2621 | D:4      | 2621 ||| STAIRDANCE
  2719 | D:3      | Noticed Ijyb
  2744 | D:3      | Killed Ijyb
  3011 | D:4      | Identified the +1 ring mail "Bottugith" {Drain rC+ Int-4
                  | Dex+8}
  3090 | D:4      | 3090 ||| UPGRADING to +1 ring mail "Bottugith" {Drain rC+
                  | Int-4 Dex+8}.
  3100 | D:4      | 3100 ||| DROPPING +2 ring mail of fire resistance.
  3101 | D:4      | 3101 ||| READING 2 scrolls of identify.
  3101 | D:4      | 3101 ||| IDENTIFYING clear potion
  3102 | D:4      | 3102 ||| DROPPING potion of magic.
  3137 | D:5      | Entered Level 5 of the Dungeon
  3233 | D:5      | Reached skill level 3 in Dodging
  3403 | D:5      | Reached skill level 10 in Ranged Weapons
  3514 | D:5      | Reached XP level 7. HP: 39/40 MP: 9/9
  3787 | D:5      | Noticed Dowan
  3790 | D:5      | Noticed Duvessa
  3802 | D:5      | Killed Dowan
  3802 | D:5      | HP: 6/40 [Duvessa/+0 rapier (9)]
  3804 | D:5      | HP: 1/40 [Duvessa/+0 rapier (6)]
  3804 | D:5      | Slain by Duvessa

Levels and vault maps discovered:
D:1:      elethiomel_arrival_maze, layout_loops_ring, serial_shops,
          nicolae_shop_gaudy_bauble, corexii_item_surrounded_by_moat,
          minmay_tromino_v2
D:2:      layout_rooms
D:3:      layout_basic, lemuel_crystal_altar, nicolae_ecumenical_snake_handling,
          uniq_ijyb
D:4:      layout_cave_pools, minmay_temple_entry_junction,
          dreamdust_princess_bridge
D:5:      layout_loops_ring, hangedman_abyss_or_decor_lesser_grid,
          grunt_decor_resistance, kennysheep_nondescript, uniq_duvessa
Temple:   nicolae_temple_bog_church

Skill      XL: |  1  2  3  4  5  6  7 |
---------------+----------------------+-----
Ranged Weapons | 6 7 8 9 10 | 10.1
Fighting       | 2 |  2.6
Dodging        | 3 4 |  4.4
Stealth        | |  1.2

Action                     |  1- 3 |  4- 6 |  7- 9 || total
---------------------------+-------+-------+-------++-------
   Fire: Shortbow          |   127 |   172 |    19 ||   318
    Use: Scroll            |     3 |     6 |       ||     9
 Armour: Leather armour    |     1 |       |       ||     1
         Ring mail         |    22 |    21 |     2 ||    45
  Dodge: Dodged            |    31 |    27 |     6 ||    64

Table legend:
 A = Non-vault XP
 B = Vault XP
 C = Vault XP percentage of total XP
 D = Non-vault monster count
 E = Vault monster count
 F = Vault count percentage of total count
                 A         B        C        D         E       F
            +---------+---------+-------+---------+---------+-------
      Total |     747 |     107 |  12.5 |      90 |       7 |   7.2
            +---------+---------+-------+---------+---------+-------
        D:1 |      63 |       4 |   6.0 |      32 |       2 |   5.9
        D:2 |      37 |       0 |   0.0 |      16 |       0 |   0.0
        D:3 |      36 |      37 |  50.7 |      14 |       4 |  22.2
        D:4 |     303 |       0 |   0.0 |      16 |       0 |   0.0
        D:5 |     308 |      66 |  17.6 |      12 |       1 |   7.7
            +---------+---------+-------+---------+---------+-------
